 Dungeon Crawl Stone Soup version 0.16.0-18-g484a79e (webtiles) character file.

154 McCoppin the Cudgeler (level 5, -2/27 HPs)
             Began as a Vine Stalker Chaos Knight on Mar 22, 2015.
             Killed from afar by an orc wizard (4 damage)
             ... with a magic dart
             ... on level 4 of the Dungeon.
             The game lasted 00:07:03 (2534 turns).

McCoppin the Cudgeler (Vine Stalker Chaos Knight)   Turns: 2534, Time: 00:07:05

Health: -2/27      AC:  7    Str: 20      XL:     5   Next: 35%
Magic:  0/7        EV: 11    Int: 10 (12) God:    Xom [..*...]
Gold:   171        SH:  0    Dex: 14      Spells: 0 memorised, 4 levels left

rFire  . . .     SeeInvis .     t - +0 whip (elec)
rCold  . . .     Clarity  .     b - +2 leather armour
rNeg   . . .     SustAb   .     (no shield)
rPois  +         Gourm    .     (no helmet)
rElec  .         Spirit   +     (no cloak)
rCorr  .         Warding  .     q - +0 pair of gloves
rMut   .         Stasis   .     l - +0 pair of boots
MR     .....                    (no amulet)
Stlth  +.........               (no ring)
                                m - ring of poison resistance

@: mighty, lethally poisoned (-2 -> -5), not resistant to hostile enchantments,
very unstealthy
A: fangs 2, regeneration 1, magic shield, antimagic bite, no device heal 3, rot
immunity
a: Renounce Religion


You were on level 4 of the Dungeon.
You worshipped Xom.
You were a toy of Xom.
You were not hungry.

You visited 1 branch of the dungeon, and saw 4 of its levels.

You collected 171 gold pieces.

Inventory:

Hand weapons
 a - a +0 mace of chaos
 t - a +0 whip of electrocution (weapon)
Missiles
 j - 4 needles of sleeping
Armour
 b - a +2 leather armour (worn)
 l - a +0 pair of boots (worn)
 q - a +0 pair of gloves (worn)
Jewellery
 m - a ring of poison resistance (left hand)
Scrolls
 h - 3 scrolls of remove curse
 i - a scroll of recharging
 r - a scroll of random uselessness {unknown}
 s - a scroll of fear {unknown}
 u - a scroll of identify
 w - a scroll of teleportation {unknown}
Potions
 d - 2 potions of heal wounds
 e - 2 potions of restore abilities
 g - a potion of lignification {unknown}
 k - 2 potions of magic
 n - a potion of haste {unknown}
 o - a potion of resistance
 p - a potion of ambrosia {unknown}
Comestibles
 c - 4 bread rations
 v - a meat ration


   Skills:
 - Level 2.6 Fighting
 + Level 5.3 Maces & Flails
 - Level 1.5 Armour
 - Level 0.7 Dodging


You had 4 spell levels left.
You didn't know any spells.

Dungeon Overview and Level Annotations

Branches:
Dungeon (4/15)
 Temple: D:4-7

Altars:


Innate Abilities, Weirdness & Mutations

You have extremely sharp teeth.
Your natural rate of healing is unusually fast.
When hurt, damage is shared between your health and your magic reserves.
Your bite disrupts and absorbs the magic of your enemies.
Potions and wands cannot restore your health.
You are immune to rotting.


Message History

An orc wizard comes into view. It is wielding a dagger of protection.
You closely miss the orc.
* * * LOW HITPOINT WARNING * * *
You feel sick.
The orc wizard shouts!
You barely miss the orc. You bite the orc! You drain its power.
You feel invigorated.
You kill the orc!
* * * LOW HITPOINT WARNING * * *
You feel sick.
You hit the orc priest but do no damage.
The orc priest is moderately wounded.
The orc priest hits you but does no damage.
You whack the orc priest!
There is a sudden explosion of sparks!
You kill the orc priest!
* * * LOW HITPOINT WARNING * * *
You feel sick.
The orc wizard points at you and mumbles some strange words.
The magic dart hits you!
You die...

## #. #. #. #.
#)## #######
#(#####
........###@)..#
#<#o###$# ##.##
#.# ... .....
.##.... #.
.####. # . .#


You could see an orc wizard.

Vanquished Creatures
  An orc priest (D:4)
  3 adders (D:2)
  A giant mite (D:3)
  4 worms
  A giant gecko (D:1)
  An orc (D:4)
  10 bats
  7 hobgoblins
  5 jackals
  3 quokkas (D:2)
  2 ball pythons
  2 giant cockroaches
  5 giant newts
  4 goblins
  7 kobolds
  10 rats
66 creatures vanquished.

Notes
Turn   | Place    | Note
--------------------------------------------------------------
     0 | D:1      | McCoppin, the Vine Stalker Chaos Knight, began the quest for the Orb.
     0 | D:1      | Reached XP level 1. HP: 11/11 MP: 1/1
   117 | D:1      | Reached skill level 3 in Maces & Flails
   186 | D:1      | Reached XP level 2. HP: 16/16 MP: 3/3
   258 | D:1      | XOM: potion effect (berserk rage)
  1024 | D:2      | Reached XP level 3. HP: 19/19 MP: 4/4
  1034 | D:2      | XOM: harmless Pois miscast
  1197 | D:2      | XOM: silly message
  1213 | D:2      | Reached skill level 4 in Maces & Flails
  1539 | D:2      | Reached XP level 4. HP: 23/23 MP: 5/5
  1960 | D:3      | XOM is BORED!
  1960 | D:3      | XOM: medium Divn miscast
  2409 | D:3      | Reached skill level 5 in Maces & Flails
  2428 | D:3      | Reached XP level 5. HP: 23/27 MP: 5/7
  2506 | D:3      | XOM is BORED!
  2506 | D:3      | XOM: medium Fire miscast
  2521 | D:4      | XOM: enchant monster (bad)
  2534 | D:4      | Killed from afar by an orc wizard

Action                   |  1- 3 |  4- 6 || total
-------------------------+-------+-------++-------
Melee: Mace              |    80 |     6 ||    86
       Whip              |       |    78 ||    78
  Use: Scroll            |       |     9 ||     9
       Potion            |       |     1 ||     1
 Stab: Sleeping          |       |     1 ||     1
  Eat: Chunk             |     2 |     2 ||     4
       Bread ration      |       |     1 ||     1
